 Dungeon Crawl Stone Soup version 0.28-a0-1629-gf728b707aa (webtiles) character file.

Game seed: 415119574977938110

80 Jepp2078 the Firebug (level 4, 0/32 HPs)
             Began as a Gnoll Fire Elementalist on Jan 24, 2022.
             Was an Initiate of Makhleb.
             Killed from afar by Sigmund (7 damage)
             ... with a puff of flame
             ... on level 2 of the Dungeon.
             The game lasted 00:04:36 (2386 turns).

Jepp2078 the Firebug (Gnoll Fire Elementalist)      Turns: 2386, Time: 00:04:37

Health: 0/32       AC:  2    Str:  8    XL:     4   Next: 39%
Magic:  11/11      EV: 13    Int: 16    God:    Makhleb [......]
Gold:   74         SH:  0    Dex: 12    Spells: 12/13 levels left

rFire   . . .      SeeInvis .   l - +0 dagger
rCold   . . .      Faith    .   (no shield)
rNeg    . . .      Spirit   .   a - +0 robe
rPois   .          Reflect  .   (no helmet)
rElec   .          Harm     .   (no cloak)
rCorr   .          Rampage  .   (no gloves)
Will    .....                   (no boots)
Stlth   ++........              (no amulet)
HPRegen 0.10/turn               (no ring)
MPRegen 0.12/turn               (no ring)

@: no status effects
A: fangs 1, strong nose, distributed training
a: Renounce Religion


You were on level 2 of the Dungeon.
You worshipped Makhleb.
Makhleb was noncommittal.
You visited 1 branch of the dungeon, and saw 2 of its levels.

You collected 74 gold pieces.

Inventory:

Hand Weapons
 l - a +0 dagger (weapon)
Armour
 a - a +0 robe (worn)
Jewellery
 d - a ring of positive energy
Scrolls
 b - a scroll of blinking {unknown}
 e - a scroll of enchant weapon {unknown}
 f - a scroll of amnesia {unknown}
 i - a scroll of identify {unknown}
 j - a scroll of silence {unknown}
 k - a scroll of teleportation {unknown}
Potions
 c - a potion of heal wounds {unknown}
 g - a potion of magic {unknown}
 h - a potion of lignification {unknown}
 m - a potion of might


   Skills:
 + Level 1.1 Fighting
 + Level 1.1 Short Blades
 + Level 1.1 Long Blades
 + Level 1.1 Axes
 + Level 1.1 Maces & Flails
 + Level 1.1 Polearms
 + Level 1.1 Staves
 + Level 1.1 Slings
 + Level 1.1 Bows
 + Level 1.1 Crossbows
 + Level 1.1 Throwing
 + Level 1.1 Armour
 + Level 4.6 Dodging
 + Level 4.2 Stealth
 + Level 1.1 Shields
 + Level 1.1 Unarmed Combat
 + Level 5.1 Spellcasting
 + Level 2.2 Conjurations
 + Level 0.9 Hexes
 + Level 0.9 Summonings
 + Level 0.9 Necromancy
 + Level 0.9 Translocations
 + Level 0.9 Transmutations
 + Level 5.4 Fire Magic
 + Level 0.9 Ice Magic
 + Level 0.9 Air Magic
 + Level 0.9 Earth Magic
 + Level 0.9 Poison Magic
 + Level 1.2 Invocations
 + Level 1.1 Evocations


You had 12 spell levels left.
You knew the following spells:

 Your Spells              Type           Power      Damage    Failure   Level
a - Foxfire               Conj/Fire      64%        2x1d7     3%          1

Your spell library contained the following spells:

 Spells                   Type           Power      Damage    Failure   Level
 Scorch                   Fire           42%        2d7       2%          2
 Conjure Flame            Conj/Fire      16%        6-21      10%         3
 Inner Flame              Hex/Fire       14%        N/A       12%         3
 Ensorcelled Hibernation  Hex/Ice        14%        N/A       16%         2
 Passwall                 Tmut/Erth      5%         N/A       16%         2
 Swiftness                Air            7%         N/A       30%         3
 Flame Wave               Conj/Fire      16%        2d6       30%         4


Dungeon Overview and Level Annotations

Branches:
Dungeon (2/15)

Altars:
Makhleb

Annotations:
D:2 Sigmund


Innate Abilities, Weirdness & Mutations

You have very sharp teeth.
Your uncanny sense of smell can sniff out nearby items.
Your experience applies equally to all skills.


Message History

You conjure some foxfire!
The foxfire hits the hobgoblin but does no damage. x2
Casting: Foxfire (safe; 3% risk of failure)
Press: ? - help, Q - select action Dir - look around, f - activate You conjure some foxfire!
The hobgoblin is engulfed in a cloud of scalding steam.
You kill the hobgoblin!
Makhleb accepts your kill.
You hear a splash. x3
Sigmund the Dreaded comes into view.
He is wielding a +0 scythe and wearing a +2 robe of fire resistance.
Your foxfire dissipates!
Your foxfire dissipates!
A ball python comes into view.
Sigmund gestures at you while chanting. The magic dart hits you!
Sigmund casts a spell at you. You resist with some effort.
Sigmund points at you and mumbles some strange words.
You are confused.
You bump into the rock wall.
You bump into the rock wall.
Sigmund casts a spell at you. The magic dart hits you.
You're too confused to cast spells.
You're too confused to cast spells.
You're too confused to cast spells.
You're too confused to cast spells.
Sigmund drinks a potion.
Sigmund seems to grow stronger.
You feel less confused.
Sigmund whispers, "You'll know eternity soon."
Sigmund gestures at you while chanting. The puff of flame hits you!
Sigmund gestures at you while chanting. The puff of flame hits you.
* * * LOW HITPOINT WARNING * * *
Sigmund breathes a few words.
Sigmund's hands start flickering wildly.
Sigmund points at you and mumbles some strange words.
The puff of flame hits you!
You die...

#........................###.####
#.......#♣≈≈≈≈...................
#.......# ♣♣≈≈≈≈≈≈.≈≈....##......
#.......# ♣≈≈P≈≈≈≈≈≈♣.###......
#.......# ≈≈≈≈♣≈≈P♣#.# #......
#.......# ♣♣♣♣♣♣♣##.# #......
........######♣♣♣♣♣#.##.# #......
...........@............# #......
.......#########@###.#### #......
.......#########..##.# #....##
..................##.# #....#
...............)..##.# #....#
...................#.# #....#
.............).).#.#.# ####.#
.............)...#.#.#########.#
...........)..........†.....##.#
.........).)......#..######.##.#


You could see Sigmund (strong).

Vanquished Creatures
  Robin (D:2)
  4 dart slugs
  3 bats (D:1)
  2 endoplasms
  4 giant cockroaches (D:1)
  14 goblins
  9 hobgoblins
  5 kobolds
  2 quokkas (D:1)
  3 ball pythons
  2 frilled lizards (D:1)
  4 rats
53 creatures vanquished.

Vanquished Creatures (others)
  136 foxfires
  8 plants (D:2)
144 creatures vanquished.

Grand Total: 197 creatures vanquished

Notes
Turn   | Place    | Note
-------+----------+-------------------------------------------
     0 | D:1      | Jepp2078 the Gnoll Fire Elementalist began the quest for
                  | the Orb.
     0 | D:1      | Reached XP level 1. HP: 13/13 MP: 6/6
   288 | D:1      | Reached XP level 2. HP: 19/19 MP: 5/7
   835 | D:1      | Reached XP level 3. HP: 25/25 MP: 6/9
   867 | D:1      | Reached skill level 5 in Spellcasting
   901 | D:1      | Found a faded altar of an unknown god.
  1430 | D:2      | Reached skill level 1 in Invocations
  1676 | D:2      | Found a burning altar of Makhleb.
  1686 | D:2      | Became a worshipper of Makhleb the Destroyer
  1809 | D:2      | Reached skill level 1 in Fighting
  1809 | D:2      | Reached skill level 1 in Short Blades
  1809 | D:2      | Reached skill level 1 in Long Blades
  1809 | D:2      | Reached skill level 1 in Axes
  1809 | D:2      | Reached skill level 1 in Maces & Flails
  1809 | D:2      | Reached skill level 1 in Polearms
  1809 | D:2      | Reached skill level 1 in Staves
  1809 | D:2      | Reached skill level 1 in Slings
  1809 | D:2      | Reached skill level 1 in Bows
  1809 | D:2      | Reached skill level 1 in Crossbows
  1809 | D:2      | Reached skill level 1 in Throwing
  1809 | D:2      | Reached skill level 1 in Armour
  1809 | D:2      | Reached skill level 1 in Shields
  1809 | D:2      | Reached skill level 1 in Unarmed Combat
  1809 | D:2      | Reached skill level 1 in Evocations
  1823 | D:2      | Noticed Robin
  1830 | D:2      | Reached XP level 4. HP: 25/32 MP: 3/11
  1851 | D:2      | Killed Robin
  2350 | D:2      | Noticed Sigmund
  2386 | D:2      | Killed from afar by Sigmund

Illustrated notes

Levels and vault maps discovered:
D:1:      matt_arrival_spirals, layout_loops_corners,
          hellmonk_ecumenical_altar_run_dry
D:2:      layout_basic, basic_altar, serial_bayou_ford_a, minmay_distorted,
          uniq_robin, uniq_crazy_yiuf_cottage, uniq_sigmund

Skill      XL: |  1  2  3 |
---------------+----------+-----
Conjurations   | 2 |  2.2
Spellcasting   | 5 |  5.1
Invocations    | 1 |  1.2
Fighting       | 1 |  1.1
Short Blades   | 1 |  1.1
Long Blades    | 1 |  1.1
Axes           | 1 |  1.1
Maces & Flails | 1 |  1.1
Polearms       | 1 |  1.1
Staves         | 1 |  1.1
Slings         | 1 |  1.1
Bows           | 1 |  1.1
Crossbows      | 1 |  1.1
Throwing       | 1 |  1.1
Armour         | 1 |  1.1
Shields        | 1 |  1.1
Unarmed Combat | 1 |  1.1
Evocations     | 1 |  1.1
Dodging        | |  4.6
Stealth        | |  4.2
Hexes          | |  0.9
Summonings     | |  0.9
Necromancy     | |  0.9
Translocations | |  0.9
Transmutations | |  0.9
Fire Magic     | |  5.4
Ice Magic      | |  0.9
Air Magic      | |  0.9
Earth Magic    | |  0.9
Poison Magic   | |  0.9

Action                   |  1- 3 |  4- 6 || total
-------------------------+-------+-------++-------
Melee: Dagger            |       |    11 ||    11
       Unarmed           |       |     1 ||     1
       Punch             |       |     1 ||     1
       Bite              |       |     1 ||     1
 Cast: Foxfire           |    70 |    18 ||    88
Armor: Robe              |       |     1 ||     1
Dodge: Dodged            |     6 |     4 ||    10

Table legend: (Time is in decaauts)
 A = Elapsed time spent in this place.
 B = Non-inter-level travel time spent in this place.
 C = Inter-level travel time spent in this place.
 D = Time resting spent in this place.
 E = Time spent auto-exploring this place.
 F = Levels seen in this place.
 G = Mean time per level.
                   A        B        C        D        E       F      G
               +--------+--------+--------+--------+--------+-----+--------+
         Total |   2385 |   2360 |     25 |      0 |   2042 |   2 | 1192.5 |
       Dungeon |   2385 |   2360 |     25 |      0 |   2042 |   2 | 1192.5 |
               +--------+--------+--------+--------+--------+-----+--------+

Top non-repeatable levels by time:
     D:1: 1396 daAuts
     D:2: 989 daAuts
